 Dungeon Crawl Stone Soup version 0.21.0-3-g78d12a8 (webtiles) character file.

43 Leibowitz the Sneak (level 3, -1/19 HPs)
             Began as a Kobold Enchanter on Jan 8, 2018.
             Slain by a goblin
             ... wielding a +0 dagger
             ... led by Robin
              (9 damage)
             ... on level 2 of the Dungeon.
             The game lasted 00:03:30 (1175 turns).

Leibowitz the Sneak (Kobold Enchanter)              Turns: 1175, Time: 00:03:32

Health: -1/19      AC:  2    Str:  3    XL:     3   Next: 82%
Magic:  6/6        EV: 15    Int: 17    God:
Gold:   46         SH:  0    Dex: 15    Spells: 0/6 levels left

rFire    . . .     SeeInvis .   a - +1 dagger
rCold    + . .     Gourm    .   (shield restricted)
rNeg     . . .     Faith    .   b - +0 robe
rPois    .         Spirit   .   (no helmet)
rElec    .         Reflect  .   (no cloak)
rCorr    .         Harm     .   (no gloves)
MR       .....                  (no boots)
Stlth    +++.......             (no amulet)
HPRegen  0.06/turn              (no ring)
MPRegen  0.10/turn              (no ring)

@: no status effects
A: small, carnivore, cold resistance 1, weak 1
a: no special abilities


You were on level 2 of the Dungeon.
You were full.

You visited 1 branch of the dungeon, and saw 2 of its levels.

You collected 46 gold pieces.

Inventory:

Hand Weapons
 a - a +1 dagger (weapon)
Armour
 b - a +0 robe (worn)
Scrolls
 f - a scroll of remove curse
 g - a scroll of identify {unknown}
 h - a scroll of teleportation {unknown}
Books
 c - a book of Maledictions

   Spells                             Type                      Level
   a - Corona                         Hexes                        1
   b - Ensorcelled Hibernation        Hexes/Ice                    2
   c - Confuse                        Hexes                        3
   d - Tukima's Dance                 Hexes                        3
   e - Dazzling Spray                 Conjuration/Hexes            3
Comestibles
 d - 3 rations


   Skills:
 + Level 1.4 Short Blades
 + Level 2.6 Dodging
 + Level 5.1 Stealth
 + Level 2.4 Spellcasting
 + Level 3.5 Hexes


You couldn't memorise any spells.
You knew the following spells:

 Your Spells              Type           Power        Failure   Level  Hunger
a - Corona                Hex            ##.....      4%          1    #......
b - Ensorcelled Hibernat  Hex/Ice        #.....       13%         2    ##.....
c - Confuse               Hex            ##......     13%         3    ###....


Dungeon Overview and Level Annotations

Branches:
Dungeon (1/15)

Altars:

Annotations:
D:2 Robin


Innate Abilities, Weirdness & Mutations

You are small and have problems with some larger weapons.
You are carnivorous and can eat meat at any time.
Your flesh is cold resistant. (rC+)
You are weak. (Str -2)


Message History

The goblin hits you.
* * * LOW HITPOINT WARNING * * *
The goblin completely misses you. The goblin barely misses you.
Okay, then.
It was a potion of curing.
You feel better. The goblin closely misses you. The goblin hits you.
The goblin barely misses you. The goblin closely misses you. x2
It was a potion of mutation.
You feel extremely strange.
You feel weaker.
You feel resistant to cold. The goblin closely misses you.
The goblin hits you but does no damage. The goblin hits you.
The goblin misses you. The goblin completely misses you.
As you read the scroll labeled GONUJIADOIC, it crumbles to dust.
The scroll dissolves into smoke.
It was a scroll of fog.
The goblin hits you but does no damage. The goblin closely misses you. x3
The goblin misses you.
As you read the scroll labeled HASSULA ZOWA, it crumbles to dust.
You feel blessed for a moment.
It was a scroll of remove curse.
The goblin hits you with a dagger. The goblin barely misses you.
The goblin closely misses you. The goblin hits you with a dagger!
You die...

########
#...ggg#
#..ggg@#
#.$.ggg#
#...§gg#
#.....g+
#......#
#......#
######+#


You could see Robin, 2 hobgoblins and 7 goblins.

Vanquished Creatures
  A gnoll (D:1)
  An ooze (D:1)
  A dart slug (D:1)
  3 bats (D:1)
  2 giant cockroaches (D:1)
  3 goblins
  2 hobgoblins (D:1)
  3 jackals (D:1)
  2 ball pythons (D:1)
  3 kobolds (D:1)
  4 rats (D:1)
25 creatures vanquished.

Notes
Turn   | Place    | Note
-------+----------+-------------------------------------------
     0 | D:1      | Leibowitz the Kobold Enchanter began the quest for the Orb.
     0 | D:1      | Reached XP level 1. HP: 10/10 MP: 3/3
    36 | D:1      | Reached XP level 2. HP: 15/15 MP: 5/5
    40 | D:1      | Learned a level 2 spell: Ensorcelled Hibernation
   400 | D:1      | Reached XP level 3. HP: 16/19 MP: 1/6
   592 | D:1      | Learned a level 3 spell: Confuse
   972 | D:1      | Reached skill level 5 in Stealth
  1165 | D:1      | You fall through a shaft!
  1165 | D:2      | Noticed Robin
  1173 | D:2      | Gained mutation: You are weak. (Str -2) [potion of mutation]
  1173 | D:2      | Gained mutation: Your flesh is cold resistant. (rC+) [potion of mutation]
  1175 | D:2      | Slain by a goblin

Skill      XL: |  1  2  3 |
---------------+----------+-----
Stealth        | 5 |  5.1
Short Blades   | |  1.4
Dodging        | |  2.6
Spellcasting   | |  2.4
Hexes          | |  3.5

Action                   || total
-------------------------++-------
Melee: Dagger            ||    97
 Cast: Ensorcelled Hiber ||    11
       Corona            ||     2
       Confuse           ||     2
  Use: Scroll            ||     2
       Potion            ||     2
 Stab: Sleeping          ||    11
       Confused          ||     1
  Eat: Chunk             ||     6
Armor: Robe              ||    12
Dodge: Dodged            ||   101
